 Dungeon Crawl Stone Soup version 0.18.1-48-g4cf74bf (webtiles) character file.

15208 grulito the Spry (level 12, -6/68 HPs)
             Began as a Kobold Assassin on June 26, 2016.
             Killed from afar by Josephine (33 damage)
             ... with a ghostly fireball
             ... on level 10 of the Dungeon on June 28, 2016.
             The game lasted 01:55:38 (16699 turns).

grulito the Spry (Kobold Assassin)                 Turns: 16699, Time: 01:55:39

Health: -6/68      AC:  6    Str: 12    XL:     12   Next: 54%
Magic:  12/12      EV: 42    Int: 11    God:
Gold:   568        SH:  4    Dex: 25    Spells: 0 memorised, 11 levels left

rFire  . . .     SeeInvis +     C - +2 dagger (elec)
rCold  + . .     Gourm    .     c - +0 robe
rNeg   . . .     Faith    .     (shield restricted)
rPois  .         Spirit   .     D - +0 helmet of the Forsaken Seas {MR+ Int+2 Dex+3}
rElec  +         Dismiss  .     d - +0 cloak
rCorr  .         Reflect  +     H - +0 pair of gloves
SustAt .         Harm     .     F - +0 pair of boots
MR     +....                    I - +4 amulet of reflection
Stlth  ++++++....               L - ring "Nifuta" {rElec rC+ Str+2 SInv}
                                a - ring of Shaolin {EV+8}

@: lethally poisoned (-6 -> -11), slowed, very slow, somewhat resistant to
hostile enchantments, very stealthy
A: carnivore 3
a: no special abilities


You were on level 10 of the Dungeon.
You were not hungry.

You visited 2 branches of the dungeon, and saw 13 of its levels.

You collected 763 gold pieces.
You spent 195 gold pieces at shops.

Inventory:

Hand Weapons
 b - a +1 blowgun
 p - a +2 short sword of draining
 C - a +2 dagger of electrocution (weapon)
Missiles
 e - 58 poisoned needles
 f - 9 curare-tipped needles
 G - 4 tomahawks (quivered)
Armour
 c - a +0 robe (worn)
 d - a +0 cloak (worn)
 D - the +0 helmet of the Forsaken Seas (worn) {MR+ Int+2 Dex+3}
   (You took it off Robin on level 3 of the Dungeon)

   It affects your intelligence (+2).
   It affects your dexterity (+3).
   It affects your resistance to hostile enchantments.
 F - a +0 pair of boots (worn)
 H - a +0 pair of gloves (worn)
Jewellery
 a - the ring of Shaolin (left hand) {EV+8}
   (You found it on level 11 of the Dungeon)

   [ring of evasion]

   It affects your evasion (+8).
 o - an uncursed ring of see invisible
 r - an uncursed ring of magical power
 I - a +4 amulet of reflection (around neck)
 L - the ring "Nifuta" (right hand) {rElec rC+ Str+2 SInv}
   (You found it on level 7 of the Dungeon)

   [ring of strength]

   It affects your strength (+2).
   It protects you from cold.
   It insulates you from electricity.
   It lets you see invisible.
Wands
 g - a wand of digging (10/24)
 q - a wand of flame (28/48)
 y - a wand of confusion (27/48)
 z - a wand of paralysis (16/24)
 B - a wand of polymorph (7/24)
 R - a wand of lightning (8/15)
 S - a wand of paralysis (11/24)
 W - a wand of slowing (14/48)
 Y - a wand of flame (13/48)
Scrolls
 i - 3 scrolls of fear
 j - 7 scrolls of remove curse
 k - a scroll of magic mapping
 m - 2 scrolls of identify
 t - a scroll of holy word {unknown}
 u - 2 scrolls of recharging {unknown}
 w - 4 scrolls of enchant armour
 J - a scroll of silence {unknown}
 K - a scroll of teleportation
 P - a scroll of fog
 X - a scroll of immolation {unknown}
 Z - a scroll of vulnerability {unknown}
Potions
 h - a potion of heal wounds {unknown}
 l - 2 potions of agility
 n - a potion of berserk rage {unknown}
 s - a potion of experience {unknown}
 A - a potion of resistance {unknown}
 E - a potion of curing
 V - 2 potions of cancellation {unknown}
Books
 M - a Grand Grimoire

   Spells                             Type                      Level
   a - Monstrous Menagerie            Summoning                    7
   b - Summon Greater Demon           Summoning                    7
   c - Malign Gateway                 Summoning/Translocation      7
   d - Summon Horrible Things         Summoning                    8
 N - a Young Poisoner's Handbook

   Spells                             Type                      Level
   a - Sting                          Conjuration/Poison           1
   b - Cure Poison                    Poison                       2
   c - Mephitic Cloud                 Conjuration/Poison/Air       3
   d - Olgreb's Toxic Radiance        Poison                       4
   e - Venom Bolt                     Conjuration/Poison           5
 Q - a book of Summonings

   Spells                             Type                      Level
   a - Recall                         Summoning/Translocation      3
   b - Aura of Abjuration             Summoning                    5
   c - Summon Demon                   Summoning                    5
   d - Summon Forest                  Summoning/Translocation      5
   e - Summon Mana Viper              Hexes/Summoning              5
   f - Shadow Creatures               Summoning                    6
 T - a book of Geomancy

   Spells                             Type                      Level
   a - Sandblast                      Earth                        1
   b - Passwall                       Transmutation/Earth          2
   c - Stone Arrow                    Conjuration/Earth            3
   d - Petrify                        Transmutation/Earth          4
   e - Lee's Rapid Deconstruction     Earth                        5
 U - a book of Ice

   Spells                             Type                      Level
   a - Ice Form                       Ice/Transmutation            4
   b - Metabolic Englaciation         Hexes/Ice                    5
   c - Ozocubu's Refrigeration        Ice                          6
   d - Bolt of Cold                   Conjuration/Ice              6
   e - Freezing Cloud                 Conjuration/Ice/Air          6
   f - Simulacrum                     Ice/Necromancy               6
Comestibles
 v - 8 slices of pizza
 x - 6 bread rations
 O - 6 beef jerkies


   Skills:
 * Level 5.2 Fighting
 - Level 10.0 Short Blades
 - Level 6.3 Throwing
 - Level 17.1 Dodging
 - Level 10.7 Stealth


You had 11 spell levels left.
You didn't know any spells.

Dungeon Overview and Level Annotations

Branches:
Dungeon (12/15)            Temple (1/1) D:6            Lair (0/8) D:10
    Orc (0/2) D:10

Altars:
Ashenzari
Cheibriados
Dithmenos
Elyvilon
Fedhas
Gozag
Kikubaaqudgha
Makhleb
Nemelex Xobeh
Okawaru
Pakellas
Qazlal
Ru
Sif Muna
Trog
Xom
Yredelemnul
Zin
The Shining One

Shops:
D:8 }

Annotations:
D:10 Josephine, Sonja


Innate Abilities, Weirdness & Mutations

You are small and have problems with some larger weapons.
You are carnivorous and can eat meat at any time.


Message History

Sonja shouts, "Some dancing partner you are!"
Sonja shoots a curare-tipped needle.
You reflect the curare-tipped needle off an invisible shield around you!
The curare-tipped needle closely misses Sonja.
Throwing (i - inventory):
G - 5 tomahawks (quivered)
Press: ? - help, Shift-Dir - straight line, f/p - Sonja
Aim: Sonja, wielding a blowgun (almost dead)
You throw a tomahawk. The tomahawk barely misses Sonja.
You feel sick.
Sonja shoots a curare-tipped needle.
You reflect the curare-tipped needle off an invisible shield around you!
The curare-tipped needle closely misses Sonja.
Sonja shoots a curare-tipped needle.
The curare-tipped needle completely misses you.
You feel sick.
Josephine gestures at you while chanting.
The ghostly flame explodes!
The ghostly fireball engulfs you!
You feel sick.
Josephine gestures at you while chanting.
The ghostly flame explodes!
The ghostly fireball engulfs you!
You die...

##....###........# .. #..#..#
#......÷.##.#.# ####.##..#
#...........#.#
#........###........####.#
##...##...##........## .#
###..##.............[###.#
#.....>..†................
####.##....###..#######..#.##
#....##.....@..## ####......
#... #.........# #.....).##
#...##.......((#####.#####...
##.......>.....@K.).........>
#..............####K###.##..
#..........................)
#.............#.....(......#
#..............W##.....)...#
######........#........@...#


You could see Josephine, a wraith and Sonja.

Vanquished Creatures
  Maud (D:11)
  Erica (D:8)
  2 unseen horrors (D:11)
  2 hill giants
  An ugly thing (D:11)
  A cyclops (D:11)
  Maurice (D:9)
  A centaur skeleton (D:10)
  A centaur zombie (D:11)
  A kobold demonologist (D:11)
  2 trolls
  A slime creature (D:11)
  The ghost of asdu the Conjurer, an amateur HuCj of Sif Muna (D:5)
  2 wraiths (D:10)
  A human (D:7)
  13 yaks
  3 hippogriffs
  A hog (D:7)
  3 hungry ghosts
  The ghost of grulito the Cutter, an amateur KoAs (D:3)
  Duvessa (D:6)
  3 water moccasins
  A swamp drake (D:10)
  2 sky beasts
  A black bear (D:8)
  6 orc warriors
  A wasp (D:11)
  2 necrophages
  6 ogres
  A phantom (D:10)
  9 centaurs
  Blork the orc (D:6)
  A big kobold (D:8)
  3 giant frogs (D:8)
  A wyvern zombie (D:11)
  Dowan (D:6)
  A water moccasin zombie (D:6)
  2 scorpions (D:8)
  2 howler monkeys
  2 crimson imps
  A quasit (D:8)
  3 giant frog zombies
  5 hounds
  2 iguanas
  4 jellies
  8 orc priests
  A giant frog skeleton (D:10)
  10 orc wizards
  9 worker ants
  2 sheep (D:7)
  A hound skeleton (D:11)
  A howler monkey zombie (D:6)
  3 worker ant zombies
  Robin (D:3)
  3 gnolls (D:4)
  12 adders
  2 river rats (D:10)
  3 shadow imps
  3 oozes
  An adder skeleton (D:4)
  3 adder zombies
  4 dart slugs
  7 giant geckos
  36 orcs
  4 giant cockroaches
  21 goblins
  5 hobgoblins
  15 jackals
  16 kobolds
  A quokka (D:3)
  3 ball pythons
  18 bats
  2 giant newts
  A jackal skeleton (D:6)
  A quokka skeleton (D:4)
  22 rats
  A fungus (D:10)
322 creatures vanquished.

Vanquished Creatures (others)
  3 orcs (D:10)
  A bat (D:10)
  6 fungi (D:10)
10 creatures vanquished.

Grand Total: 332 creatures vanquished

Notes
Turn   | Place    | Note
--------------------------------------------------------------
     0 | D:1      | grulito the Kobold Assassin began the quest for the Orb.
     0 | D:1      | Reached XP level 1. HP: 12/12 MP: 1/1
   199 | D:1      | Reached XP level 2. HP: 6/17 MP: 2/2
   775 | D:1      | Reached XP level 3. HP: 21/21 MP: 3/3
  1604 | D:2      | Reached XP level 4. HP: 26/26 MP: 4/4
  1706 | D:2      | Found an opulent altar of Gozag.
  1706 | D:2      | Found a deep blue altar of Sif Muna.
  1721 | D:2      | Found an iron altar of Okawaru.
  1728 | D:2      | Found a bloodstained altar of Trog.
  2063 | D:2      | Reached skill level 5 in Short Blades
  2258 | D:3      | Noticed grulito's ghost (amateur KoAs)
  2421 | D:3      | Killed grulito's ghost
  2421 | D:3      | Reached XP level 5. HP: 20/30 MP: 5/5
  2421 | D:3      | Reached XP level 6. HP: 23/35 MP: 6/6
  3393 | D:3      | Found a glowing silver altar of Zin.
  3393 | D:3      | Found a stormy altar of Qazlal.
  3613 | D:4      | Noticed a hippogriff
  3665 | D:4      | Killed a hippogriff
  3665 | D:4      | Reached XP level 7. HP: 11/40 MP: 7/7
  4346 | D:4      | Noticed Robin
  4634 | D:3      | Killed Robin
  4649 | D:3      | Got a jewelled helmet
  4655 | D:3      | Identified the cursed +0 helmet of the Forsaken Seas {MR+ Int+2 Dex+3} (You took it off Robin on level 3 of the Dungeon)
  4999 | D:4      | Reached skill level 10 in Short Blades
  5058 | D:4      | Reached XP level 8. HP: 36/44 MP: 8/8
  5375 | D:5      | Entered Level 5 of the Dungeon
  5501 | D:5      | Reached skill level 2 in Dodging
  6139 | D:5      | Noticed asdu's ghost (amateur HuCj)
  6181 | D:5      | Reached skill level 3 in Dodging
  6715 | D:5      | Reached skill level 4 in Dodging
  7044 | D:5      | Reached skill level 5 in Throwing
  7542 | D:5      | Killed asdu's ghost
  7542 | D:5      | Reached skill level 5 in Dodging
  7550 | D:5      | Reached XP level 9. HP: 45/48 MP: 9/9
  7919 | D:6      | Found a staircase to the Ecumenical Temple.
  7987 | D:6      | Noticed Duvessa
  7987 | D:6      | Noticed Dowan
  8086 | D:5      | Reached skill level 6 in Dodging
  8474 | D:6      | Killed Duvessa
  8474 | D:6      | Reached skill level 7 in Dodging
  8649 | D:6      | Noticed Blork the orc
  8683 | D:6      | Killed Blork the orc
  8684 | D:6      | Found a glowing golden altar of the Shining One.
  8773 | D:6      | Killed Dowan
  8860 | D:6      | Reached skill level 8 in Dodging
  9190 | D:6      | Reached skill level 9 in Dodging
  9405 | Temple   | Entered the Ecumenical Temple
 10812 | D:7      | Reached skill level 10 in Dodging
 10945 | D:7      | Reached XP level 10. HP: 48/53 MP: 10/10
 11014 | D:7      | Got a coiled platinum ring
 11015 | D:7      | Identified the ring "Nifuta" {rElec rC+ Str+2 SInv} (You found it on level 7 of the Dungeon)
 11104 | D:7      | Reached skill level 11 in Dodging
 11459 | D:8      | Noticed Erica
 11464 | D:8      | Killed Erica
 11464 | D:8      | Reached skill level 12 in Dodging
 11700 | D:8      | Found Umophyrch's Gadget Shoppe.
 11703 | D:8      | Bought a wand of paralysis (11/24) for 195 gold pieces
 12547 | D:9      | Noticed Maurice
 12553 | D:9      | Killed Maurice
 12581 | D:8      | Reached skill level 13 in Dodging
 12592 | D:8      | Reached XP level 11. HP: 46/57 MP: 11/11
 13064 | D:9      | You fall through a shaft for 3 floors!
 13167 | D:11     | Noticed a cyclops
 13194 | D:11     | Reached skill level 10 in Stealth
 13622 | D:11     | Killed a cyclops
 13622 | D:11     | Reached skill level 14 in Dodging
 13632 | D:11     | Found an oddly glowing altar of Pakellas.
 13761 | D:10     | Entered Level 10 of the Dungeon
 13782 | D:10     | Noticed a hill giant
 13817 | D:10     | Killed a hill giant
 14098 | D:10     | Reached skill level 15 in Dodging
 14237 | D:10     | Noticed Josephine
 14293 | D:11     | Noticed a brown ugly thing
 14296 | D:11     | Noticed a hill giant
 14703 | D:11     | Killed a brown ugly thing
 14764 | D:11     | Killed a hill giant
 14887 | D:11     | Reached skill level 16 in Dodging
 14906 | D:11     | Noticed an unseen horror
 14940 | D:11     | Killed an unseen horror
 14940 | D:11     | Reached XP level 12. HP: 46/62 MP: 12/12
 15173 | D:11     | Noticed Maud
 15264 | D:11     | Killed Maud
 15391 | D:11     | Found an opulent altar of Gozag.
 15543 | D:11     | Noticed an unseen horror
 15562 | D:11     | Killed an unseen horror
 15562 | D:11     | Reached skill level 17 in Dodging
 16028 | D:10     | Found a staircase to the Orcish Mines.
 16576 | D:10     | Reached skill level 5 in Fighting
 16627 | D:10     | Found a staircase to the Lair.
 16686 | D:10     | Noticed Sonja
 16699 | D:10     | Killed from afar by Josephine

Skill      XL: |  1  2  3  4  5  6  7  8  9 10 11 12 |
---------------+-------------------------------------+-----
Short Blades   | 3 4 6 8 10 | 10.0
Throwing       | 3 4 6 |  6.3
Dodging        | 5 10 13 16 17 | 17.1
Stealth        | 7 9 10 | 10.7
Fighting       | 5 |  5.2

Action                   |  1- 3 |  4- 6 |  7- 9 | 10-12 || total
-------------------------+-------+-------+-------+-------++-------
Melee: Dagger            |    73 |       |   340 |   751 ||  1164
       Short sword       |    15 |   135 |    35 |       ||   185
 Fire: Blowgun           |       |    10 |    47 |    39 ||    96
Throw: Tomahawk          |       |       |     6 |    20 ||    26
  Use: Scroll            |       |     2 |    14 |     8 ||    24
       Potion            |       |     1 |     3 |     1 ||     5
 Stab: Sleeping          |    14 |     9 |    10 |     7 ||    40
       Distracted        |     1 |       |     2 |     3 ||     6
  Eat: Meat ration       |     1 |       |     2 |       ||     3
       Chunk             |       |     1 |     2 |    16 ||    19
       Pizza             |       |     1 |       |     3 ||     4
       Beef jerky        |       |       |     3 |       ||     3
       Royal jelly       |       |       |     1 |       ||     1
Armor: Robe              |    16 |    32 |    23 |    20 ||    91
Dodge: Dodged            |    60 |    81 |   175 |   546 ||   862
Block: Other             |       |       |       |    83 ||    83
       Reflection        |       |       |       |     9 ||     9
